 Dungeon Crawl Stone Soup version 0.30.1-9-gdf580d7c3d (webtiles) character file.

Game seed: 17176767665978929989

77 Ivernyr the Trooper (level 4, 34/37 HPs)
             Began as a Formicid Fighter on Sept 28, 2023.
             Got out of the dungeon alive.
             The game lasted 00:01:59 (1125 turns).

Ivernyr the Trooper (Formicid Fighter)              Turns: 1125, Time: 00:02:00

Health: 34/37      AC:  7    Str: 22    XL:     4   Next: 60%
Magic:  4/4        EV:  9    Int:  8    God:
Gold:   91         SH:  5    Dex: 13    Spells: 3/3 levels left

rFire   . . .        a - +0 flail
rCold   . . .        c - +0 buckler
rNeg    . . .        b - +0 scale mail
rPois   .            (helmet unavailable)
rElec   .            (no cloak)
rCorr   .            (no gloves)
SInv    +            (no boots)
Will    .....        (no amulet) Stlth
                     (no ring)
HPRegen 0.26/turn    (no ring)
MPRegen 0.09/turn

%: no passive effects
@: no status effects
A: permanent stasis, dig shafts and tunnels, antennae 3, four strong arms
a: Dig, Shaft Self


You escaped.
You visited 1 branch of the dungeon, and saw 2 of its levels.

You collected 91 gold pieces.

Inventory:

Hand Weapons
 a - a +0 flail (weapon)
Armour
 b - a +0 scale mail (worn)
 c - a +0 buckler (worn)
Jewellery
 i - an amulet of the acrobat
Scrolls
 e - a scroll of amnesia {unknown}
 h - a scroll of brand weapon {unknown}
 j - a scroll of identify {unknown}
Potions
 d - a potion of might
 f - 2 potions of curing {unknown}
 g - 2 potions of attraction {unknown}


   Skills:
 + Level 4.1 Fighting
 + Level 3.0 Maces & Flails
 + Level 4.1 Armour
 - Level 4.0 Shields


You had 3 spell levels left.
You didn't know any spells.
Your spell library was empty.

Dungeon Overview and Level Annotations

Branches:
Dungeon (2/15)

Altars:


Innate Abilities, Weirdness & Mutations

You cannot be hasted, slowed, berserked, paralysed or teleported.
You can dig through walls and to a lower floor.
You have a pair of large antennae on your head. (SInv)
Your four strong arms can wield two-handed weapons with a shield.


Message History

The cerulean imp hits you with a +1 spear.
You closely miss Natasha.
Natasha is severely wounded.
Natasha claws you but does no damage.
The cerulean imp hits you with a +1 spear.
Natasha mumbles some strange words.
You barely miss Natasha.
Natasha is severely wounded.
The cerulean imp hits you with a +1 spear.
Natasha casts a spell at you. The magic dart hits you.
You block the cerulean imp's attack.
You closely miss Natasha.
Natasha is severely wounded.
The cerulean imp closely misses you. Natasha barely misses you.
The cerulean imp hits you but does no damage. x2
You barely miss Natasha.
Natasha is severely wounded.
You block Natasha's attack.
The cerulean imp hits you but does no damage. x2
Natasha claws you but does no damage.
You barely miss Natasha.
Natasha is severely wounded.
The cerulean imp hits you but does no damage.
The cerulean imp barely misses you. You block Natasha's attack.
The cerulean imp hits you but does no damage.
You sock Natasha!
You kill Natasha!
Natasha screams in pain as she dies!
The cerulean imp disappears in a puff of smoke! x2
Your Maces & Flails skill increases to level 3!
You see here the felid corpse of Natasha.
(D) Dungeon
Where to? (Enter - D:2, ? - help)
What level of the Dungeon? (default 1, ? - help)
There is a stone staircase leading up here.
You climb upwards.
There is a stone staircase leading down here.
There is a staircase leading out of the dungeon here.
Are you sure you want to leave the Dungeon?
This will make you lose the game!
You have escaped!

.....##...............##...##.##.
#........####...###.#.##...##.##.
........###......##.#............
#.##.#### #.#....##.####.##.#####
#.##.######......##.####.##.# #..
.....##...................#.###..
#.###....P#~#P.....P#~#P......#..
..# #.#.P##~##P...P##~##P.#.#....
### #.#..~~~~~..@..~~~~~..#.#.#..
# #.#.P##~##P...P##~##P.#......
#.#..P#~#P.....P#~#P..###.#..
#.#...................###..##
#............###.##.......#.#
####.##.####.# #.##.########.
#.......####.###.#..)..# ##
#.##.##.##.......#..##.#
##.##.##)##.#.#####.)##.#


There were no monsters in sight!

Vanquished Creatures
  Natasha (twice) (D:2)
  2 dart slugs
  A ball python (D:2)
  2 endoplasms (D:1)
  A giant cockroach (D:2)
  4 goblins (D:1)
  3 hobgoblins
  2 quokkas (D:1)
  A bat (D:1)
  7 kobolds
  A rat (D:1)
26 creatures vanquished.

Notes
Turn   | Place    | Note
-------+----------+-------------------------------------------
     0 | D:1      | Ivernyr the Formicid Fighter began the quest for the Orb.
     0 | D:1      | Reached XP level 1. HP: 18/18 MP: 1/1
   118 | D:1      | Reached XP level 2. HP: 22/24 MP: 2/2
   346 | D:1      | Reached XP level 3. HP: 30/30 MP: 3/3
   871 | D:2      | Noticed Natasha
   921 | D:2      | Killed Natasha
   922 | D:2      | Reached XP level 4. HP: 23/37 MP: 4/4
  1064 | D:2      | Noticed Natasha
  1078 | D:2      | Killed Natasha
  1125 | D:$      | Got out of the dungeon alive.

Illustrated notes

Levels and vault maps discovered:
D:1:      eino_arrival_water_cross, layout_loops_cross
D:2:      layout_basic, serial_forest, infiniplex_forest_lined_corner,
          infiniplex_forest_lined_room_2, infiniplex_forest_clump_large,
          infiniplex_forest_zigzag_1, infiniplex_forest_clump_small,
          infiniplex_forest_straight_1, infiniplex_forest_lined_room_,
          uniq_natasha

Skill      XL: |  1  2  3  4 |
---------------+-------------+-----
Fighting       | 4 |  4.1
Armour         | 4 |  4.1
Maces & Flails | 3 |  3.0
Shields        | |  4.0

Action                     |  1- 3 |  4- 6 || total
---------------------------+-------+-------++-------
  Melee: Flail             |    82 |    12 ||    94
 Armour: Scale mail        |    44 |    11 ||    55
  Dodge: Dodged            |    36 |     6 ||    42
  Block: Buckler           |    22 |     4 ||    26
